 Dungeon Crawl Stone Soup version 0.31-a0-931-g7b59d4eb97 (webtiles) character file.

Game seed: 9205067243870389766

56 senseless the Ruffian (level 3, -5/33 HPs)
             Began as a Troll Shapeshifter on Oct 19, 2023.
             Slain by a gnoll
             ... wielding a +0 halberd
              (14 damage)
             ... on level 2 of the Dungeon.
             The game lasted 00:00:37 (354 turns).

senseless the Ruffian (Troll Shapeshifter)           Turns: 354, Time: 00:00:38

Health: -5/33      AC:  4    Str: 22    XL:     3   Next: 69%
Magic:  2/2        EV: 10    Int:  6    God:
Gold:   50         SH:  0    Dex: 11    Spells: 2/2 levels left

rFire   . .          .
                       - Unarmed
rCold   . . .        (no shield)
rNeg    . . .        a - +0 animal skin
rPois   .            (helmet currently unavailable)
rElec   .            (cloak currently unavailable)
rCorr   .            (gloves unavailable)
SInv    .            (boots unavailable)
Will    .....        (no amulet)
Stlth   +            (no ring)
HPRegen 1.05/turn    (no ring)
MPRegen 0.08/turn

%: no passive effects
@: beast-form
A: beast (slay +1), large, unfitting armour, claws 3, regeneration 1, shaggy fur
1, tough skin 1
a: Begin Untransformation


You were on level 2 of the Dungeon.
You were a hulking beast.
You visited 1 branch of the dungeon, and saw 2 of its levels.

You collected 50 gold pieces.

Inventory:

Armour
 a - a +0 animal skin (worn)
Talismans
 c - a beast talisman (active)
 d - a flux talisman
Scrolls
 e - a scroll of teleportation {unknown}
 f - a scroll of enchant armour {unknown}
 g - 2 scrolls of identify {unknown}
Potions
 b - a potion of lignification


   Skills:
 + Level 1.5 Fighting
 + Level 2.1 Dodging
 + Level 3.4 Unarmed Combat
 + Level 3.4 Shapeshifting


You had 2 spell levels left.
You didn't know any spells.
Your spell library was empty.

Dungeon Overview and Level Annotations

Branches:
Dungeon (1/15)

Altars:


Innate Abilities, Weirdness & Mutations

You are a hulking beast.
Your limbs bulge with bestial killing power. (Slay +1)
You are too large for most types of armour.
You have claws for hands.
Your natural rate of healing is unusually fast.
You are covered in fur. (AC +1)
You have tough skin. (AC +1)


Message History

A gnoll comes into view. It is wielding a +0 halberd.
The gnoll shouts!
You hear a shout!
The gnoll moves out of view.
There is an open door here. 3 gnolls come into view.
The gnoll shouts!
A gnoll comes into view. It is wielding a +0 club.
The gnoll barely misses you. The gnoll completely misses you.
The gnoll hits you from afar with a +0 halberd!
The gnoll closely misses you.
You claw the gnoll! You claw the gnoll.
You kill the gnoll!
The gnoll barely misses you.
The gnoll hits you from afar with a +0 halberd!
The gnoll hits you with a +0 spear! The gnoll barely misses you.
You see here a +0 halberd.
You are too injured to fight recklessly!
You are too injured to fight recklessly!
You are too injured to fight recklessly!
You are too injured to fight recklessly!
You are too injured to fight recklessly!
You are too injured to fight recklessly!
You are too injured to fight recklessly!
You are too injured to fight recklessly!
You are too injured to fight recklessly!
You are too injured to fight recklessly!
You are too injured to fight recklessly!
You are too injured to fight recklessly!
You are too injured to fight recklessly!
You are too injured to fight recklessly!
You are too injured to fight recklessly!
You are too injured to fight recklessly!
You are too injured to fight recklessly!
You scratch the gnoll.
The gnoll is moderately wounded.
The gnoll hits you with a +0 spear.
* * * LOW HITPOINT WARNING * * *
The gnoll hits you with a +0 halberd!
You die...

#.#####.###........#
...................+
........##.........#
######...#.........#
.......#.#.........#
########.#.##.######
.# # #.#.##'## #..#
# #.#.....###....##
# #.#......hgg.....
# #.#......#g.#####
# #.#........## #
#.#......### # .#
#......# # .+
#......# #
..####......# # ....
.......# # ##.####


You could see 3 gnolls.

Vanquished Creatures
  An iguana (D:2)
  A gnoll (D:2)
  A dart slug (D:1)
  A bat (D:1)
  A giant cockroach (D:1)
  2 goblins (D:2)
  A hobgoblin (D:1)
  6 jackals (D:1)
  A kobold (D:1)
  2 rats (D:1)
17 creatures vanquished.

Notes
Turn   | Place    | Note
-------+----------+-------------------------------------------
     0 | D:1      | senseless the Troll Shapeshifter began the quest for the
                  | Orb.
     0 | D:1      | Reached XP level 1. HP: 18/18 MP: 0/0
    35 | D:1      | Reached skill level 1 in Fighting
    73 | D:1      | Reached XP level 2. HP: 27/27 MP: 1/1
   200 | D:1      | You fall into a shaft and drop 1 floor!
   259 | D:2      | Reached XP level 3. HP: 32/33 MP: 2/2
   354 | D:2      | Slain by a gnoll

Illustrated notes

Levels and vault maps discovered:
D:1:      minmay_arrival_diagonal_passages, layout_basic,
          basic_ecumenical_altar, minmay_misc_feat_chi
D:2:      minmay_razor_zed, layout_basic, minmay_misc_feat_rugged, minivault_11,
          minmay_unequal

Skill      XL: |  1  2 |
---------------+-------+-----
Fighting       | 1 |  1.5
Dodging        | 2 |  2.1
Unarmed Combat | |  3.4
Shapeshifting  | |  3.4

Action                     || total
---------------------------++-------
  Melee: Unarmed           ||    49
         Punch             ||     3
 Armour: Animal skin       ||    34
  Dodge: Dodged            ||    22

Table legend: (Time is in decaauts)
 A = Elapsed time spent in this place.
 B = Non-inter-level travel time spent in this place.
 C = Inter-level travel time spent in this place.
 D = Time resting spent in this place.
 E = Time spent auto-exploring this place.
 F = Levels seen in this place.
 G = Mean time per level.
                   A        B        C        D        E       F      G
               +--------+--------+--------+--------+--------+-----+--------+
         Total |    350 |    350 |      0 |      0 |    253 |   2 |  175.0 |
       Dungeon |    350 |    350 |      0 |      0 |    253 |   2 |  175.0 |
               +--------+--------+--------+--------+--------+-----+--------+

Top non-repeatable levels by time:
     D:1: 197 daAuts
     D:2: 153 daAuts
